 Dungeon Crawl Stone Soup version 0.28-a0-245-g639a1a48b9 (webtiles) character file.

Game seed: 11165547324136837807

64557 Spaninq the Spear-Bearer (level 14, -16/143 HPs)
             Began as a Troll Transmuter on Aug 23, 2021.
             Was a High Priest of Okawaru.
             Demolished by a spriggan berserker (31 damage)
             ... on level 15 of the Dungeon on Aug 24, 2021.
             The game lasted 01:55:55 (19556 turns).

Spaninq the Spear-Bearer (Troll Transmuter)        Turns: 19556, Time: 01:55:56

Health: -16/143    AC: 17    Str: 22    XL:     14   Next: 72%
Magic:  2/19       EV: 10    Int: 12    God:    Okawaru [*****.]
Gold:   1395       SH: 12    Dex: 10    Spells: 10/15 levels left

rFire   . . .      SeeInvis .   c - +3 demon trident (chaos)
rCold   . . .      Faith    .   R - +2 kite shield {reflect}
rNeg    . . .      Spirit   .   H - +0 acid dragon scales
rPois   +          Reflect  +   T - +2 hat
rElec   .          Harm     .   i - +1 cloak {Stlth+}
rCorr   +          Rampage  .   (gloves unavailable)
Will    +....                   (boots unavailable)
Stlth   ++........              J - amulet of regeneration
HPRegen 2.33/turn               O - +4 ring of protection
MPRegen 0.16/turn               x - ring of poison resistance

@: finesse-ful
A: large, unfitting armour, claws 3, regeneration 1, shaggy fur 1, tough skin 1
a: Renounce Religion, Heroism, Finesse, Duel


You were on level 15 of the Dungeon.
You worshipped Okawaru.
Okawaru was extremely pleased with you.
You visited 3 branches of the dungeon, and saw 23 of its levels.
You also visited: Bailey and Volcano.

You collected 1395 gold pieces.

Inventory:

Hand Weapons
 c - a +3 demon trident of chaos (weapon)
 h - a +5 trident of venom
 M - a +2 scimitar of flaming
Missiles
 m - a throwing net
 s - 49 poisoned darts (quivered)
 t - 8 curare-tipped darts
 u - 7 atropa-tipped darts
 v - 35 boomerangs
 z - 24 large rocks
Armour
 i - a +1 cloak of stealth (worn)
 H - +0 acid dragon scales (worn)
 R - a +2 kite shield of reflection (worn)
 S - a +0 tower shield of reflection
 T - a +2 hat (worn)
Jewellery
 k - a ring of protection from cold
 o - a ring of flight
 w - a ring of fire
 x - a ring of poison resistance (right claw)
 J - an amulet of regeneration (around neck)
 N - a ring of wizardry
 O - a +4 ring of protection (left claw)
 P - a +4 ring of evasion
Wands
 p - a wand of flame (45)
 y - a wand of paralysis (18)
 C - a wand of iceblast (16)
 I - a wand of acid (9)
 L - a wand of mindburst (18)
Scrolls
 a - a scroll of identify
 d - 2 scrolls of fog
 g - 5 scrolls of amnesia
 l - 6 scrolls of teleportation
 q - 4 scrolls of enchant armour
 G - a scroll of fear
 Q - a scroll of magic mapping
Potions
 b - 7 potions of curing
 e - 4 potions of haste
 f - 5 potions of heal wounds
 j - a potion of magic
 r - a potion of cancellation
 A - a potion of resistance
 B - a potion of flight
 D - 4 potions of might
 E - 2 potions of mutation
 F - a potion of ambrosia
 K - a potion of berserk rage


   Skills:
 + Level 10.1 Fighting
 * Level 13.7 Polearms
 - Level 1.0 Throwing
 - Level 4.5 Armour
 - Level 4.1 Dodging
 * Level 10.0 Shields
 - Level 3.2 Unarmed Combat
 - Level 1.2 Spellcasting
 - Level 3.0 Transmutations
 + Level 8.1 Invocations


You had 10 spell levels left.
You knew the following spells:

 Your Spells              Type           Power      Damage    Failure   Level
a - Beastly Appendage     Tmut           16%        N/A       11%         1
b - Wereblood             Tmut           8%         N/A       16%         2
c - Passwall              Tmut/Erth      3%         N/A       30%         2

Your spell library contained the following spells:

 Spells                   Type           Power      Damage    Failure   Level
 Foxfire                  Conj/Fire      0%         2x1d4     36%         1
 Sandblast                Erth           0%         2d4       36%         1
 Blink                    Tloc           N/A        N/A       50%         2
 Static Discharge         Conj/Air       0%         N/A       50%         2
 Spider Form              Tmut/Pois      2%         N/A       52%         3
 Ignite Poison            Fire/Tmut/Pois 3%         N/A       58%         3
 Conjure Flame            Conj/Fire      0%         6-21      73%         3
 Gell's Gravitas          Tloc           0%         N/A       73%         3
 Inner Flame              Hex/Fire       0%         N/A       73%         3
 Mephitic Cloud           Conj/Pois/Air  0%         N/A       73%         3
 Portal Projectile        Hex/Tloc       0%         N/A       73%         3
 Stone Arrow              Conj/Erth      0%         3d7       73%         3
 Teleport Other           Tloc           0%         N/A       73%         3
 Ice Form                 Ice/Tmut       4%         N/A       89%         4
 Petrify                  Tmut/Erth      4%         N/A       89%         4
 Blade Hands              Tmut           4%         N/A       96%         5
 Leda's Liquefaction      Hex/Erth       0%         N/A       98%         4
 Passage of Golubria      Tloc           N/A        N/A       98%         4
 Yara's Violent Unravell  Hex/Tmut       2%         3d3       99%         5
 Bolt of Magma            Conj/Fire/Erth 0%         4d4       100%        5
 Lee's Rapid Deconstruct  Erth           0%         3d5*      100%        5
 Lightning Bolt           Conj/Air       0%         1d11      100%        5
 Manifold Assault         Tloc           0%         N/A       100%        5
 Metabolic Englaciation   Hex/Ice        0%         N/A       100%        5
 Dispersal                Tloc           0%         N/A       100%        6
 Iron Shot                Conj/Erth      0%         9d1       100%        6
 Statue Form              Tmut/Erth      2%         N/A       100%        6
 Storm Form               Tmut/Air       2%         N/A       100%        7
 Maxwell's Capacitive Co  Air            0%         ∞         100%        8
 Shatter                  Erth           0%         3d5*      100%        9
 Call Canine Familiar     Summ           Unusable   N/A       N/A         3
 Tukima's Dance           Hex            Unusable   N/A       N/A         3
 Animate Armour           Summ/Erth      Unusable   N/A       N/A         4

Dungeon Overview and Level Annotations

Branches:
Dungeon (15/15)            Temple (0/1) D:5            Lair (6/6) D:9
 Shoals (0/4) Lair:3       Spider (0/4) Lair:4        Slime (0/5) Lair:5
    Orc (2/2) D:9          Vaults (0/5) D:14         Depths (0/5) D:15
 Bailey (visited)         Volcano (visited)
    Elf: Orc:2

Altars:
Ashenzari
Fedhas
Hepliaklqana
Makhleb
Okawaru
Qazlal
Uskayaw
Vehumet
Wu Jian
Xom
The Shining One
Jiyva

Shops:
D:10 (   D:14 (

Annotations:
D:5 Grinder
Lair:2 exclusion: oklob plant
Orc:2 Jorgrun


Innate Abilities, Weirdness & Mutations

You are too large for most types of armour.
You have claws for hands.
Your natural rate of healing is unusually fast.
You are covered in fur. (AC +1)
You have tough skin. (AC +1)


Message History

The death yak goes berserk!
You hit the spriggan berserker but do no damage.
The spriggan berserker is moderately wounded.
You can now deal lightning-fast blows.
The death yak rages.
The spriggan berserker barely misses you.
You puncture the spriggan berserker!
The spriggan berserker seems to grow stronger.
The spriggan berserker is heavily wounded.
You miss the spriggan berserker.
The spriggan berserker is heavily wounded.
The death yak barely misses you.
The spriggan berserker hits you with a +0 war axe!!!
The spriggan berserker prays to Trog.
The spriggan berserker goes berserk!
The death yak gores you but does no damage.
There is an open door, spattered with blood here.
The death yak rages.
The spriggan berserker hits you with a +0 war axe.
You puncture the spriggan berserker!
The spriggan berserker is severely wounded.
You hear a bellow!
You barely miss the spriggan berserker.
The spriggan berserker is severely wounded.
You block the spriggan berserker's attack.
You puncture the spriggan berserker!
The spriggan berserker is severely wounded.
The spriggan berserker blinks!
The spriggan berserker shouts!
The spriggan berserker hits you with a +0 war axe!!
The spriggan berserker hits you with a +0 war axe!!!
* * * LOW HITPOINT WARNING * * *
The death yak gores you but does no damage.
The spriggan berserker utters an invocation to Trog.
The polar bear goes berserk!
The spriggan berserker hits you with a +0 war axe!!
* * * LOW HITPOINT WARNING * * *
You hear an angry growl.
The spriggan berserker hits you with a +0 war axe!!
You die...

....# ...#######
.........# ........#
######'##....#
#.......#....# ..
#.......#....#
...#.....).#....#
i..#####'###@...#
♣.......)...iY...#
♣.................########
.........................#
.........................#
#.......................#
###........###'#..........
...........#...#i.....###
...........#...#.h....#


You could see a death yak (summoned, berserk) and 2 spriggan berserkers.

Vanquished Creatures
  Rupert (Lair:5)
  Kirke (Lair:5)
  A vault guard (D:14)
  3 boulder beetles
  6 hydras
  5 centaur warriors
  A tengu warrior (D:14)
  6 two-headed ogres
  2 spriggan berserkers (D:15)
  2 wizards
  A necromancer (D:15)
  5 orc knights
  8 ugly things
  A deep elf pyromancer (D:13)
  2 orc sorcerers (D:15)
  3 cyclopes
  11 elephants
  A merfolk siren (Lair:3)
  A naga mage (D:15)
  3 black mambas (Lair:2)
  10 cane toads
  A centaur skeleton (D:15)
  3 gargoyles (Volcano)
  A torpor snail (Lair:2)
  3 kobold demonologists
  11 komodo dragons
  An efreet (Volcano)
  A yaktaur (D:14)
  4 trolls
  A merfolk (Lair:3)
  A troll (shapeshifter) (D:13)
  2 polar bears
  A meliai zombie (D:15)
  5 jumping spiders (Lair:4)
  3 blink frogs (Lair:2)
  8 slime creatures
  A centaur simulacrum (D:14)
  A shadow (D:11)
  2 vampires
  2 redbacks (Lair:4)
  2 wraiths
  28 yaks
  6 wyverns
  4 basilisks
  4 steam dragons
  6 humans (Lair:5)
  4 vampire mosquitoes (D:13)
  Edmund (D:5)
  A warg (Orc:1)
  4 acid dragons
  14 water moccasins
  2 hornet zombies
  15 orc warriors
  An ice beast (D:6)
  A sky beast (D:6)
  8 black bears
  2 wolves (D:9)
  3 ogres
  10 centaurs
  2 phantoms
  Blork the orc (D:5)
  A kobold brigand (D:6)
  4 scorpions
  9 bullfrogs
  A gnoll sergeant (D:12)
  5 killer bees (D:11)
  4 wights (D:7)
  7 electric eels
  5 howler monkeys
  5 centaur zombies
  2 bullfrog zombies
  7 orc priests
  A gnoll shaman (D:4)
  6 jellies
  Crazy Yiuf (D:2)
  2 bullfrog skeletons
  3 hounds
  2 iguanas
  Terence (D:1)
  Natasha (thrice) (D:2 D:1)
  20 orc wizards
  A killer bee zombie (D:6)
  A howler monkey zombie (D:6)
  21 gnolls
  8 adders
  A shadow imp (D:8)
  2 ufetubi
  A worm (D:3)
  4 dart slugs
  46 orcs
  6 ball pythons
  5 bats
  5 endoplasms
  3 giant cockroaches
  14 hobgoblins
  2 jackals (D:1)
  A quokka (D:4)
  2 frilled lizards (D:1)
  19 goblins
  12 kobolds
  A rat (D:2)
489 creatures vanquished.

Vanquished Creatures (others)
  17 fungi
  18 plants
35 creatures vanquished.

Grand Total: 524 creatures vanquished

Notes
Turn   | Place    | Note
-------+----------+-------------------------------------------
     0 | D:1      | Spaninq the Troll Transmuter began the quest for the Orb.
     0 | D:1      | Reached XP level 1. HP: 18/18 MP: 1/1
    59 | D:1      | Reached skill level 1 in Fighting
   107 | D:1      | Reached XP level 2. HP: 27/27 MP: 2/2
   346 | D:1      | Reached skill level 1 in Polearms
   539 | D:2      | Noticed Terence
   569 | D:2      | Noticed Natasha
   574 | D:1      | Reached XP level 3. HP: 33/33 MP: 3/3
   577 | D:1      | Learned a level 2 spell: Wereblood
   633 | D:1      | Killed Terence
   690 | D:2      | Killed Natasha
   691 | D:2      | Reached skill level 2 in Polearms
   691 | D:2      | Reached XP level 4. HP: 42/42 MP: 4/4
   695 | D:2      | Noticed Natasha
   712 | D:1      | Killed Natasha
   928 | D:1      | Noticed Natasha
   938 | D:1      | Killed Natasha
   939 | D:1      | Reached XP level 5. HP: 42/49 MP: 5/5
  1085 | D:2      | Reached skill level 1 in Armour
  1099 | D:2      | Reached skill level 3 in Polearms
  1229 | D:2      | Found a runed translucent door.
  1230 | D:2      | Noticed Crazy Yiuf
  1441 | D:2      | Killed Crazy Yiuf
  1442 | D:2      | Reached XP level 6. HP: 40/59 MP: 4/6
  2136 | D:3      | Found an iron altar of Okawaru.
  2139 | D:3      | Found a glowing golden altar of the Shining One.
  2326 | D:3      | Became a worshipper of Warmaster Okawaru
  2759 | D:4      | Reached skill level 4 in Polearms
  2759 | D:4      | Reached XP level 7. HP: 67/67 MP: 5/7
  3396 | D:5      | Entered Level 5 of the Dungeon
  3465 | D:5      | Reached skill level 1 in Invocations
  3695 | D:5      | Found a staircase to the Ecumenical Temple.
  3695 | D:5      | Noticed Grinder
  3830 | D:5      | Reached * piety under Okawaru
  3889 | D:5      | Noticed Blork the orc
  3897 | D:5      | Killed Blork the orc
  3898 | D:5      | Reached skill level 5 in Polearms
  4009 | D:5      | Reached XP level 8. HP: 71/78 MP: 6/8
  4363 | D:5      | Noticed Edmund
  4371 | D:5      | Killed Edmund
  4695 | D:6      | Reached ** piety under Okawaru
  4701 | D:6      | Reached skill level 6 in Polearms
  5323 | D:6      | Reached XP level 9. HP: 73/87 MP: 5/9
  5362 | D:6      | Reached skill level 7 in Polearms
  5800 | D:7      | Reached skill level 5 in Fighting
  5979 | D:7      | Found a burning altar of Makhleb.
  6131 | D:7      | Found a stormy altar of Qazlal.
  6217 | D:7      | Reached *** piety under Okawaru
  6322 | D:7      | Found an ornate altar of the Wu Jian Council.
  7337 | D:8      | Reached skill level 8 in Polearms
  7417 | D:9      | Found a blossoming altar of Fedhas.
  7505 | D:9      | Reached **** piety under Okawaru
  7588 | D:9      | Found a staircase to the Orcish Mines.
  7745 | D:9      | Reached XP level 10. HP: 98/98 MP: 8/10
  8000 | D:9      | Identified the +4 quarterstaff of the Goat {freeze, rC+}
  8089 | D:9      | Reached skill level 9 in Polearms
  8148 | D:9      | Found a staircase to the Lair.
  8274 | D:9      | Found a hazy altar of Hepliaklqana.
  8538 | D:10     | Entered Level 10 of the Dungeon
  8585 | D:10     | Reached ***** piety under Okawaru
  8626 | D:10     | Noticed a two-headed ogre
  8690 | D:10     | Identified the +0 robe of Lies {Rampage rN+ Regen+ SInv}
                  | (Okawaru gifted it to you on level 10 of the Dungeon)
  8690 | D:10     | Received a gift from Okawaru
  8864 | D:10     | Noticed a two-headed ogre
  8872 | D:10     | Killed a two-headed ogre
  8925 | D:10     | Killed a two-headed ogre
  8926 | D:10     | Reached skill level 10 in Polearms
  8963 | D:10     | Found Plog's Weapon Boutique.
  9294 | D:11     | Noticed a two-headed ogre
  9401 | D:11     | Reached XP level 11. HP: 88/109 MP: 7/11
  9414 | D:11     | Found a flagged portal.
  9433 | Bailey   | Entered a bailey
  9721 | Bailey   | Noticed an orc knight
  9737 | Bailey   | Killed an orc knight
  9782 | Bailey   | Reached skill level 1 in Throwing
  9793 | Bailey   | Acquired a +1 kite shield of protection
  9848 | Bailey   | Found an iron altar of Okawaru.
  9901 | Bailey   | Noticed a sixfirhy
  9905 | Bailey   | Reached skill level 1 in Shields
  9958 | Bailey   | Noticed an orc knight
  9969 | Bailey   | Killed an orc knight
 10405 | D:11     | Identified the +0 pair of boots "Tecow" {Will++ Dex+8}
 10511 | D:11     | Received a gift from Okawaru
 10555 | D:11     | Noticed a brown ugly thing
 10672 | D:11     | Killed a brown ugly thing
 10820 | D:11     | Killed a two-headed ogre
 10997 | Lair:1   | Entered Level 1 of the Lair of Beasts
 10997 | Lair:1   | Found the +7 great mace "Firestarter" {inner flame, rF++}
 11141 | Lair:1   | Reached skill level 11 in Polearms
 11246 | Lair:1   | Reached XP level 12. HP: 81/119 MP: 11/14
 11572 | Lair:1   | Learned a level 2 spell: Passwall
 11857 | Lair:2   | Found a dark tunnel.
 11863 | Volcano  | Entered a volcano
 11984 | Volcano  | Received a gift from Okawaru
 12163 | Lair:2   | Reached skill level 5 in Shields
 12509 | Lair:2   | Reached skill level 5 in Invocations
 12637 | Lair:2   | Noticed a five-headed hydra
 12650 | Lair:2   | Killed a one-headed hydra
 12691 | Lair:2   | Noticed a six-headed hydra
 12730 | Lair:2   | Killed a two-headed hydra
 13786 | Lair:3   | Reached skill level 12 in Polearms
 13829 | Lair:3   | Identified the +5 trident of Cukamed {pain, Str+7} (Okawaru
                  | gifted it to you on level 3 of the Lair of Beasts)
 13829 | Lair:3   | Received a gift from Okawaru
 13830 | Lair:3   | Reached XP level 13. HP: 130/130 MP: 13/16
 13909 | Lair:3   | Found a staircase to the Shoals.
 14235 | Lair:4   | Found a broken altar of Ashenzari.
 14560 | Lair:4   | Reached ****** piety under Okawaru
 14567 | Lair:4   | Received a gift from Okawaru
 14602 | Lair:4   | Found a hole to the Spider Nest.
 15010 | Lair:5   | Found a staircase to the Slime Pits.
 15010 | Lair:5   | Found a viscous altar of Jiyva.
 15014 | Lair:5   | Noticed Rupert
 15045 | Lair:5   | You fall into a shaft and drop 1 floor!
 15045 | Lair:6   | Entered Level 6 of the Lair of Beasts
 15540 | Lair:5   | Identified the +7 quarterstaff of Abuse {flame, rPois
                  | Dex+5}
 15568 | Lair:5   | Noticed Kirke
 15583 | Lair:5   | Killed Kirke
 15784 | Lair:5   | Killed Rupert
 16249 | Orc:1    | Entered Level 1 of the Orcish Mines
 16601 | Orc:2    | Entered Level 2 of the Orcish Mines
 16601 | Orc:2    | Noticed Jorgrun
 16649 | D:9      | Upgraded the game from 0.28-a0-239-g68911e0c57 to
                  | 0.28-a0-245-g639a1a48b9
 16866 | D:12     | Reached skill level 13 in Polearms
 16908 | D:12     | Reached XP level 14. HP: 129/140 MP: 18/18
 17486 | D:13     | Found a radiant altar of Vehumet.
 17499 | D:13     | Received a gift from Okawaru
 18206 | D:14     | Found a gate to the Vaults.
 18302 | D:14     | Identified the +6 plate armour of the Abyss {-Tele Harm
                  | rPois rC++}
 18303 | D:14     | Found Viutom's Antique Weapon Shop.
 18626 | D:14     | Found a hazy altar of Hepliaklqana.
 18628 | D:14     | Found a hide-covered altar of Uskayaw.
 18628 | D:14     | Found a shimmering altar of Xom.
 18630 | D:14     | Found a glowing silver altar of Zin.
 18630 | D:14     | Found a radiant altar of Vehumet.
 18630 | D:14     | Found a glowing golden altar of the Shining One.
 18678 | D:15     | Entered Level 15 of the Dungeon
 18959 | D:14     | Received a gift from Okawaru
 19082 | D:15     | Reached skill level 10 in Fighting
 19207 | D:15     | Found a staircase to the Depths.
 19511 | D:15     | Reached skill level 10 in Shields
 19556 | D:15     | Demolished by a spriggan berserker

Illustrated notes

Levels and vault maps discovered:
D:1:      minmay_arrival_four_circles, layout_rooms,
          chequers_serial_rivers_small_3, amcnicky_mini_corridor_feature
D:2:      layout_rooms, grunt_ministairs_1, corexii_leaking_fountain,
          uniq_terence, uniq_natasha, uniq_crazy_yiuf_cottage
D:3:      layout_basic, mainiacjoe_overflow_catwalk_spiral
D:4:      layout_basic, lemuel_old_faithful
D:5:      layout_basic, minmay_temple_entry_from_below_b, uniq_edmund,
          uniq_grinder, uniq_blork_the_orc
D:6:      layout_basic, serial_glass, glass_columns_b, glass_columns_b,
          minmay_circle_x
D:7:      cheibrodos_steamvent, layout_loops_ring,
          mainiacjoe_overflow_tiny_flanked, mainiacjoe_overflow_alcove_2,
          mainiacjoe_overflow_six_doors_small
D:8:      layout_basic
D:9:      layout_basic, mainiacjoe_overflow_alcove_1, fedhas_altar_3,
          minmay_lair_entry_grove, david_orc_3
D:10:     layout_roguey, serial_shops, shop, kennysheep_generic_room_6
D:11:     layout_stronghold, enter_bailey_4
D:12:     layout_rooms
D:13:     layout_loops_ring, serial_rivers, chequers_serial_rivers_small_3,
          chequers_serial_rivers_micro_d, chequers_serial_rivers_small_b,
          chequers_serial_rivers_small_a, vehumet_crystals
D:14:     layout_cave_pools, david_vaults_5, doesnt_xom_only_xom,
          nicolae_take_the_stairs
D:15:     grunt_enter_depths_magical_seal, layout_irregular_city,
          minmay_guarded_unrand_wrath_of_trog
Lair:1:   layout_misc_corridors, grunt_forest_small_clearing_treed
Lair:2:   layout_small_grid, nicolae_volcano_entry_s_turn, beast_lair_carwin_10,
          minmay_lair_oklob_chamber, grunt_megastairs_3, lemuel_fruit_fields,
          lemuel_fruit_tree, infiniplex_staircase_pool
Lair:3:   layout_regular_city, elwin_shoals_entry_rooms, serial_bayou_lake_a
Lair:4:   layout_misc_corridors, nicolae_spider_entry_tight_spaces, basic_altar
Lair:5:   layout_cave_pods, slime_altar_1, serial_bayou_shore_a, uniq_kirke,
          uniq_rupert
Lair:6:   evilmike_catoblepas_cave, layout_loops_ring, pond, grunt_megastairs_4,
          uniq_nessos
Orc:1:    layout_diamond_mine, uniq_urug, uniq_gastronok, uniq_nergalle
Orc:2:    st_orc_town, layout_diamond_mine, serial_shops, nicolae_diamond_shop,
          uniq_jorgrun

Skill      XL: |  1  2  3  4  5  6  7  8  9 10 11 12 13 14 |
---------------+-------------------------------------------+-----
Fighting       | 1 2 3 4 6 7 8 9 10 | 10.1
Polearms       | 1 2 3 4 5 6 8 10 11 12 13 | 13.7
Dodging        | 2 4 |  4.1
Armour         | 1 2 4 |  4.5
Invocations    | 2 4 5 7 8 |  8.1
Transmutations | 3 |  3.0
Throwing       | 1 |  1.0
Shields        | 4 6 8 10 | 10.0
Unarmed Combat | |  3.2
Spellcasting   | |  1.2

Action                   |  1- 3 |  4- 6 |  7- 9 | 10-12 | 13-15 || total
-------------------------+-------+-------+-------+-------+-------++-------
Melee: Unarmed           |    16 |       |       |       |       ||    16
       Demon trident     |    42 |   130 |   316 |   646 |   798 ||  1932
       Punch             |       |     2 |     4 |     1 |       ||     7
       Headbutt          |       |    11 |    47 |    87 |    50 ||   195
       Kick              |       |    18 |    41 |   164 |    61 ||   284
       Scimitar          |       |       |       |    15 |    29 ||    44
       Trident           |       |       |       |       |    12 ||    12
Throw: Dart              |       |       |     6 |       |       ||     6
 Cast: Beastly Appendage |     2 |    27 |    34 |    69 |    24 ||   156
       Wereblood         |       |     2 |     9 |    21 |     5 ||    37
Invok: Heroism           |       |       |     2 |     7 |     3 ||    12
       Finesse           |       |       |       |       |     5 ||     5
  Use: Scroll            |       |       |    13 |     9 |    14 ||    36
       Potion            |       |       |       |       |     1 ||     1
 Stab: Sleeping          |       |     2 |     8 |     4 |     7 ||    21
       Paralysed         |       |       |       |       |     2 ||     2
       Distracted        |       |       |       |       |     1 ||     1
       Confused          |       |       |       |       |     1 ||     1
Armor: Robe              |    17 |    36 |    68 |       |       ||   121
       Acid dragon scale |       |       |    22 |   257 |   285 ||   564
Dodge: Dodged            |    19 |    47 |   109 |   225 |   182 ||   582
Block: Kite shield       |       |       |       |   193 |   306 ||   499
       Reflection        |       |       |       |       |     6 ||     6
       Rpst.: Scimitar   |       |       |       |       |     5 ||     5

Table legend: (Time is in decaauts)
 A = Elapsed time spent in this place.
 B = Non-inter-level travel time spent in this place.
 C = Inter-level travel time spent in this place.
 D = Time resting spent in this place.
 E = Time spent auto-exploring this place.
 F = Levels seen in this place.
 G = Mean time per level.
                   A        B        C        D        E       F      G
               +--------+--------+--------+--------+--------+-----+--------+
         Total |  19292 |  17807 |   1485 |    993 |  10311 |  25 |  771.7 |
       Dungeon |  12985 |  11669 |   1316 |    730 |   7192 |  15 |  865.7 |
          Lair |   4961 |   4823 |    138 |    163 |   2874 |   6 |  826.8 |
  Orcish Mines |    377 |    347 |     30 |     14 |    162 |   2 |  188.5 |
        Bailey |    775 |    775 |      0 |     86 |     82 |   1 |  775.0 |
       Volcano |    193 |    193 |      0 |      0 |      0 |   1 |  193.0 |
               +--------+--------+--------+--------+--------+-----+--------+

Top non-repeatable levels by time:
     D:5: 1244 daAuts
     D:9: 1203 daAuts
  Lair:5: 1193 daAuts
  Lair:2: 1186 daAuts
     D:3: 1146 daAuts
  Lair:3: 1031 daAuts
     D:6: 1021 daAuts
     D:4: 1009 daAuts
     D:7: 1002 daAuts
     D:1: 956 daAuts
    D:13: 918 daAuts
    D:11: 864 daAuts
  Lair:1: 825 daAuts
    D:10: 807 daAuts
    D:14: 791 daAuts
